 Dungeon Crawl Stone Soup version 0.28.0 (webtiles) character file.

Game seed: 15044025586911473031

437 themarg the Cudgeller (level 6, -1/53 HPs)
             Began as a Minotaur Monk on Feb 19, 2022.
             Was a Plaything of Xom.
             Slain by a blink frog (9 damage)
             ... on level 5 of the Dungeon.
             The game lasted 00:16:58 (4945 turns).

themarg the Cudgeller (Minotaur Monk)               Turns: 4945, Time: 00:16:59

Health: -1/53      AC:  6    Str: 20    XL:     6   Next: 69%
Magic:  5/5        EV: 12    Int:  7    God:    Xom [....*.]
Gold:   161        SH:  0    Dex: 12    Spells: 5/5 levels left

rFire   . . .      SeeInvis .   a - +0 mace
rCold   . . .      Faith    .   (no shield)
rNeg    . . .      Spirit   .   g - +0 ring mail
rPois   .          Reflect  .   (helmet restricted)
rElec   .          Harm     .   (no cloak)
rCorr   .          Rampage  .   (no gloves)
Will    .....      Clarity  +   (no boots)
Stlth   +.........              (no amulet)
HPRegen 0.17/turn               (no ring)
MPRegen 0.09/turn               (no ring)

@: no status effects
A: horns 2, retaliatory headbutt, claws 1, clarity, shaggy fur 1, strong 1
a: Renounce Religion


You were on level 5 of the Dungeon.
You worshipped Xom.
You were a BORING thing.
You visited 1 branch of the dungeon, and saw 5 of its levels.

You collected 221 gold pieces.
You spent 60 gold pieces at shops.

Inventory:

Hand Weapons
 a - a +0 mace (weapon)
Missiles
 i - 4 poisoned darts (quivered)
Armour
 g - a +0 ring mail (worn)
Wands
 h - a wand of iceblast (6)
 j - a wand of mindburst (13)
 n - a wand of polymorph (6)
Scrolls
 c - 2 scrolls of silence {unknown}
 d - a scroll of enchant weapon
 e - a scroll of blinking {unknown}
 k - a scroll of immolation
 l - 2 scrolls of fog {unknown}
 s - a scroll of teleportation {unknown}
Potions
 b - a potion of might {unknown}
 f - 3 potions of attraction
 m - a potion of degeneration {unknown}
 o - a potion of flight {unknown}
 p - a potion of mutation {unknown}
 q - a potion of curing {unknown}
 r - a potion of brilliance {unknown}
 t - a potion of haste {unknown}


   Skills:
 + Level 4.6 Fighting
 + Level 5.9 Maces & Flails
 + Level 0.2 Throwing
 + Level 3.7 Armour
 + Level 4.3 Dodging
 + Level 2.8 Stealth
 + Level 0.9 Unarmed Combat


You had 5 spell levels left.
You didn't know any spells.
Your spell library contained the following spells:

 Spells                   Type           Power      Damage    Failure   Level
 Apportation              Tloc           0%         N/A       58%         1
 Blink                    Tloc           0%         N/A       75%         2
 Corpse Rot               Necr/Air       0%         N/A       75%         2
 Lesser Beckoning         Tloc           0%         N/A       92%         3
 Dispel Undead            Necr           0%         3d6       100%        4
 Alistair's Intoxication  Tmut/Pois      0%         N/A       100%        5
 Manifold Assault         Tloc           0%         N/A       100%        5
 Death Channel            Necr           0%         N/A       100%        6


Dungeon Overview and Level Annotations

Branches:
Dungeon (5/15)
 Temple: D:4-7

Altars:
Xom

Shops:
D:2 *?:[

Annotations:
D:2 Sigmund
D:4 exclusion: downstairs
D:5 1 runed translucent door, exclusion: yak, spaghetti's ghost, weakling OpDe


Innate Abilities, Weirdness & Mutations

You have a pair of horns on your head.
You reflexively headbutt those who attack you in melee.
You have sharp fingernails.
You possess an exceptional clarity of mind.
You are covered in fur. (AC +1)
Your muscles are strong. (Str +2)


Message History

Found 19 gold pieces.
You now have 161 gold pieces (gained 19).
Xom is getting BORED.
Xom is getting BORED.
The polar bear closely misses you. You furiously retaliate!
You headbutt the polar bear! The polar bear barely misses you.
The polar bear claws you but does no damage.
You completely miss the polar bear.
The polar bear is moderately wounded.
The polar bear bites you! The polar bear misses you.
The polar bear completely misses you.
You barely miss the polar bear.
The polar bear is moderately wounded.
The polar bear bites you.
The polar bear claws you but does no damage.
The polar bear claws you.
You barely miss the polar bear.
The polar bear is moderately wounded.
The polar bear bites you! The polar bear misses you. The polar bear claws you.
You sock the polar bear!
The polar bear is heavily wounded.
The polar bear bites you!
* * * LOW HITPOINT WARNING * * *
The polar bear claws you but does no damage.
The polar bear claws you.
* * * LOW HITPOINT WARNING * * *
"Hum-dee-hum-dee-hum..."
The polar bear evaporates and reforms as a blink frog!
The blink frog blinks!
The blink frog blinks!
You are now a BORING thing.
The blink frog blinks!
The blink frog hits you!
* * * LOW HITPOINT WARNING * * *
The blink frog barely misses you.
You hit the blink frog.
The blink frog is lightly wounded.
The blink frog hits you!
You die...
Xom guffaws!

#.#.# #.# ###.#.# #.#.# #.#
#...# #.#.# #.# #####
######.#.# #.# .........<#
#.############
#######.######.............
#....<....##########.
##########.# #.
#....@F....# #. ..#
#.########## #. #.# #.#
###. #.# #F#### #... #.#
#....##############... #.#
####.#................ #.#
#.#.############... #.#
#.#.# #... #.# #.#.# ####


You could see a blink frog.

Vanquished Creatures
  An ogre (D:4)
  A water moccasin skeleton (D:5)
  A centaur skeleton (D:5)
  A bullfrog skeleton (D:5)
  Ijyb (D:5)
  2 iguanas
  A hound skeleton (D:5)
  4 adders
  3 gnolls (D:4)
  A shadow imp (D:5)
  An ufetubus (D:5)
  An adder skeleton (D:4)
  3 worms (D:5)
  2 dart slugs
  An orc (D:5)
  4 ball pythons
  2 bats
  8 endoplasms
  3 giant cockroaches
  7 goblins
  5 hobgoblins
  7 kobolds
  4 quokkas
  6 frilled lizards
  3 rats (D:2)
73 creatures vanquished.

Notes
Turn   | Place    | Note
-------+----------+-------------------------------------------
     0 | D:1      | themarg the Minotaur Monk began the quest for the Orb.
     0 | D:1      | Reached XP level 1. HP: 19/19 MP: 0/0
   145 | D:1      | HP: 1/20 [goblin (2)]
   622 | D:1      | Reached XP level 2. HP: 15/27 MP: 1/1
   890 | D:1      | Found a faded altar of an unknown god.
   892 | D:1      | Prayed at the altar of an unknown god.
   892 | D:1      | Became a worshipper of Xom the Random Number God
   906 | D:1      | XOM: silly message
   923 | D:1      | Reached skill level 4 in Maces & Flails
  1095 | D:1      | XOM: noise
  1200 | D:1      | Reached XP level 3. HP: 33/33 MP: 2/2
  1250 | D:2      | Found Zyabam's Armour Shop.
  1346 | D:2      | Noticed Sigmund
  1369 | D:2      | XOM: silly message
  1424 | D:2      | Found Nichiny's Book Shoppe.
  1463 | D:2      | Found Osismok's General Store.
  1503 | D:2      | Found Ynteusapn's Magic Scroll Emporium.
  1522 | D:2      | Bought a scroll of identify for 20 gold pieces
  1522 | D:2      | Bought a scroll of identify for 20 gold pieces
  1522 | D:2      | Bought a scroll of identify for 20 gold pieces
  2006 | D:3      | XOM: noise
  2110 | D:3      | XOM: silly message
  2127 | D:3      | XOM: give mutations
  2127 | D:3      | Gained mutation: You tend to lose your temper in combat.
                  | [Xom's mischief]
  2127 | D:3      | Gained mutation: Armour fits poorly on your strangely
                  | shaped body. [Xom's mischief]
  2127 | D:3      | Lost mutation: Armour fits poorly on your strangely shaped
                  | body. [Xom's mischief]
  2127 | D:3      | Lost mutation: You tend to lose your temper in combat.
                  | [Xom's mischief]
  2308 | D:3      | XOM: cloud trail
  2689 | D:3      | XOM is BORED!
  2789 | D:3      | XOM: give mutations
  2789 | D:3      | Gained mutation: You possess an exceptional clarity of
                  | mind. [Xom's grace]
  2789 | D:3      | Gained mutation: You are covered in fur. (AC +1) [Xom's
                  | grace]
  2789 | D:3      | Gained mutation: Your muscles are strong. (Str +2) [Xom's
                  | grace]
  2789 | D:3      | Gained mutation: You have sharp fingernails. [Xom's grace]
  2818 | D:4      | XOM: cloud trail
  2989 | D:4      | XOM: potion effect (brilliance)
  2993 | D:4      | Reached XP level 4. HP: 37/40 MP: 3/3
  2998 | D:4      | Reached skill level 1 in Armour
  3000 | D:4      | XOM: 1-stop teleportation journey
  3049 | D:4      | Noticed an ogre
  3056 | D:4      | Killed an ogre
  3057 | D:4      | Reached skill level 5 in Maces & Flails
  3057 | D:4      | Reached XP level 5. HP: 35/47 MP: 4/4
  3348 | D:4      | XOM: 3-stop teleportation journey
  3656 | D:5      | Entered Level 5 of the Dungeon
  3660 | D:5      | Noticed Ijyb
  3675 | D:5      | XOM: god gift: 5 stones
  3682 | D:5      | XOM: silly message
  3685 | D:5      | XOM: god gift: lead wand {god gift}
  3687 | D:5      | Killed Ijyb
  3691 | D:5      | Reached XP level 6. HP: 46/53 MP: 5/5
  3815 | D:5      | Found a runed translucent door.
  3819 | D:5      | Noticed spaghetti's ghost (weakling OpDe)
  4102 | D:5      | Noticed a yak
  4102 | D:5      | Noticed a yak
  4102 | D:5      | Noticed a yak
  4102 | D:5      | Noticed a yak
  4562 | D:5      | Noticed a yak
  4562 | D:5      | Noticed a yak
  4562 | D:5      | Noticed a polar bear
  4562 | D:5      | a yak changed into a polar bear
  4562 | D:5      | XOM: polymorph yak -> polar bear
  4927 | D:5      | Noticed a blink frog
  4927 | D:5      | a polar bear changed into a blink frog
  4927 | D:5      | XOM: polymorph polar bear -> blink frog
  4945 | D:5      | Slain by a blink frog

Illustrated notes

Levels and vault maps discovered:
D:1:      zaba_arrival_water, layout_rooms, chequers_ecumenical_altar_twisty,
          bh_walls_and_bars
D:2:      layout_loops_ring, serial_shops, shop, nicolae_diamond_shop, shop,
          nicolae_shop_hallway_stairs, minivault_14, uniq_sigmund
D:3:      layout_loops_cross, serial_co_window_serial, co_window_paths_a,
          co_window_of_opportunity_a, co_window_paths_a, co_window_corner_a,
          co_window_of_opportunity_a, co_window_broadway_c,
          co_window_broadway_a, co_window_broadway_b, co_window_sun,
          co_window_4corner_a, glass_columns_c, glass_columns_a, glass_columns_c
D:4:      layout_loops_ring
D:5:      layout_loops_ring, ebering_ghost_reflecting_pool,
          cheibrodos_sewer_entry_bend, minmay_fractal_squares_gapless_5,
          uniq_ijyb

Skill      XL: |  1  2  3  4  5  6 |
---------------+-------------------+-----
Maces & Flails | 4 5 |  5.9
Fighting       | 4 |  4.6
Stealth        | 2 |  2.8
Armour         | 2 3 |  3.7
Dodging        | 4 |  4.3
Throwing       | |  0.2
Unarmed Combat | |  0.9

Action                   |  1- 3 |  4- 6 || total
-------------------------+-------+-------++-------
Melee: Mace              |    97 |    91 ||   188
       Headbutt          |    13 |    24 ||    37
       Punch             |       |     4 ||     4
       Unarmed           |       |    23 ||    23
Throw: Dart              |       |     2 ||     2
  Use: Scroll            |     1 |     2 ||     3
 Stab: Sleeping          |     3 |     2 ||     5
Armor: Robe              |    11 |       ||    11
       Ring mail         |    17 |    33 ||    50
       Skin              |       |     3 ||     3
Dodge: Dodged            |    54 |    72 ||   126
